 Dungeon Crawl Stone Soup version 0.31-a0-960-g0fca184906 (webtiles) character file.

Game seed: 3459237935706673345

45542 GigaChad the Cleaver (level 14, -3/108 HPs) *EXPLORE*
             Began as a Human Fighter on Oct 23, 2023.
             Was a High Priest of Wu Jian.
             Slain by an ice devil (23 damage)
             ... in an ice cave.
             The game lasted 00:18:34 (15487 turns).

GigaChad the Cleaver (Human Fighter)               Turns: 15487, Time: 00:18:35

Health: -3/108     AC: 18    Str: 24    XL:     14   Next: 71%
Magic:  14/14      EV:  9    Int: 15    God:    Wu Jian [*****.]
Gold:   1018       SH: 11    Dex: 15    Spells: 13/13 levels left

rFire   . . .        a - +0 war axe (heavy)
rCold   . . .        h - +0 kite shield
rNeg    . . .        n - +1 plate armour
rPois   .            B - +0 helmet of Dobudghi {Will+ Str+3}
rElec   .            (no cloak)
rCorr   +            (no gloves)
SInv    .            (no boots)
Will    ++...        (no amulet) Stlth
                     q - ring of resist corrosion
HPRegen 0.38/turn    K - ring "Foyng" {Int+6 Dex+2}
MPRegen 0.14/turn

%: no passive effects
@: no status effects
A: no striking features
a: Renounce Religion, Wall Jump, Serpent's Lash, Heavenly Storm


You were in an ice cave.
You worshipped Wu Jian.
Wu Jian was extremely pleased with you.
You visited 3 branches of the dungeon, and saw 14 of its levels.
You also visited: Sewer, Bailey and Ice Cave.

You collected 1018 gold pieces.

Inventory:

Hand Weapons
 a - a +0 heavy war axe (weapon)
Armour
 h - a +0 kite shield (worn)
 n - a +1 plate armour (worn)
 B - the +0 helmet of Dobudghi (worn) {Will+ Str+3}
   (You found it on level 8 of the Dungeon)

   Str+3:     It affects your strength (+3).
   Will+:     It increases your willpower.
Jewellery
 f - a ring of willpower
 m - a ring of fire
 q - a ring of resist corrosion (left hand)
 z - an amulet of magic regeneration
 D - a +5 ring of evasion
 I - a +6 ring of intelligence
 K - the ring "Foyng" (right hand) {Int+6 Dex+2}
   (You found it on level 4 of the Lair of Beasts)

   [ring of intelligence]

   Int+6:     It affects your intelligence (+6).
   Dex+2:     It affects your dexterity (+2).
Talismans
 w - a serpent talisman
 y - a beast talisman
Wands
 C - a wand of paralysis (6)
 F - a wand of roots (2)
 J - a wand of light (6)
Scrolls
 b - 3 scrolls of fog
 c - a scroll of summoning {unknown}
 i - a scroll of blinking
 l - 6 scrolls of teleportation
 p - 4 scrolls of revelation
 r - 6 scrolls of identify
 u - a scroll of poison
 x - a scroll of fear
 E - 2 scrolls of brand weapon
 G - 3 scrolls of amnesia
 H - 2 scrolls of immolation {unknown}
 L - a scroll of enchant weapon {unknown}
Potions
 d - 2 potions of might
 e - 3 potions of lignification {unknown}
 g - 3 potions of haste
 j - a potion of attraction {unknown}
 k - 2 potions of invisibility {unknown}
 o - 4 potions of curing {unknown}
 s - 3 potions of heal wounds {unknown}
 t - 2 potions of magic {unknown}
 v - 2 potions of degeneration {unknown}
 A - 2 potions of mutation {unknown}


   Skills:
 * Level 9.6 Fighting
 * Level 12.6 Axes
 * Level 12.1 Armour
 * Level 7.3 Dodging
 * Level 8.5 Stealth
 * Level 9.9 Shields
 * Level 6.0 Shapeshifting


You had 13 spell levels left.
You didn't know any spells.
Your spell library contained the following spells:

 Spells                   Type           Power      Damage    Failure   Level
 Apportation              Tloc           0%         N/A       99%         1
 Kiss of Death            Conj/Necr      0%         2d5       99%         1
 Necrotise                Necr           0%         1d4       99%         1
 Sandblast                Erth           0%         2d4       99%         1
 Slow                     Hex            0%         N/A       99%         1
 Summon Small Mammal      Summ           0%         N/A       99%         1
 Ensorcelled Hibernation  Hex/Ice        0%         N/A       100%        2
 Passwall                 Tmut/Erth      0%         N/A       100%        2
 Static Discharge         Conj/Air       0%         3-3/arc   100%        2
 Confusing Touch          Hex            0%         N/A       100%        3
 Inner Flame              Hex/Fire       0%         N/A       100%        3
 Sigil of Binding         Hex            0%         N/A       100%        3
 Stone Arrow              Conj/Erth      0%         3d7       100%        3
 Swiftness                Air            0%         N/A       100%        3
 Vampiric Draining        Necr           0%         2d6       100%        3
 Airstrike                Air            0%         2d(0-16)  100%        4
 Brom's Barrelling Bould  Conj/Erth      0%         2d3       100%        4
 Dispel Undead            Necr           0%         3d6       100%        4
 Flame Wave               Conj/Fire      0%         2d4       100%        4
 Leda's Liquefaction      Hex/Erth       0%         N/A       100%        4
 Sticky Flame             Conj/Fire      0%         2d3       100%        4
 Summon Lightning Spire   Summ/Air       0%         N/A       100%        4
 Lee's Rapid Deconstruct  Erth           0%         3d4*      100%        5
 Bombard                  Conj/Erth      0%         9d1       100%        6
 Haunt                    Necr/Summ      0%         N/A       100%        7
 Borgnjor's Revivificati  Necr           0%         N/A       100%        8
 Death's Door             Necr           0%         N/A       100%        9


Dungeon Overview and Level Annotations

Branches:
Dungeon (8/15)             Temple (1/1) D:7            Lair (5/5) D:8
  Swamp (0/4) Lair:3       Spider (0/4) Lair:3        Sewer (visited)
 Bailey (visited)           IceCv (1/1)
  Slime: Lair:4-5

Altars:
Ashenzari
Cheibriados
Dithmenos
Elyvilon
Fedhas
Gozag
Hepliaklqana
Kikubaaqudgha
Makhleb
Nemelex Xobeh
Okawaru
Qazlal
Ru
Sif Muna
Trog
Uskayaw
Vehumet
Wu Jian
Xom
Yredelemnul
Zin
The Shining One

Annotations:
IceCv exclusion: 2 ice statues


Message History

The bolt of cold misses you.
The bolt of cold hits the ice devil.
The ice devil completely resists.
The ice devil hits you but does no damage.
You slice the ice devil!!
The ice devil is almost dead.
You slice the ice devil!! You hit the ice devil.
You are engulfed in freezing vapours.
The ice devil barely misses you.
The ice devil hits you but does no damage. x2
The ice statue gestures.
Unknown command.
You slash the ice devil!
You kill the ice devil!
The Council accepts your kill.
You slash the ice devil! x2; You slash the ice beast!
You are engulfed in freezing vapours.
The ice devil misses you. You block the ice beast's attack.
The ice devil hits you. The ice devil freezes you!
* * * LOW HITPOINT WARNING * * *
The ice statue gestures at you.
The bolt of cold hits the ice devil.
The ice devil completely resists.
The bolt of cold hits you but does no damage.
You are too injured to fight recklessly!
Unknown command.
You are too injured to fight recklessly!
Unknown command.
You are too injured to fight recklessly!
Unknown command.
You are too injured to fight recklessly!
Unknown command.
You are too injured to fight recklessly!
Unknown command.
You slice the ice beast!!
You kill the ice beast!
The ice beast disappears in a puff of smoke!
You barely miss the ice devil. x2
The ice devil hits you but does no damage.
The ice devil hits you!
* * * LOW HITPOINT WARNING * * *
The ice devil freezes you!!
You die...

##### ##.....
##....... #........
#### 8........
##..########........
##....##..##°°.......
#............@4°Z....
#..∩∩.......°4°...⌠..
#.......##...5..Z....
##....######.........
##..## ##........
#### 8.Y......
#........ ##.......
#..


You could see 2 ice statues, 2 ice devils, an ice beast (summoned), a cane toad
simulacrum, a naga simulacrum and an ufetubus.

Vanquished Creatures
  The ghost of Avurgho the Martial Artist, a journeyman GnSh of Hepliaklqana (Lair:4)
  Snorg (Lair:4)
  A vault guard (Bailey)
  6 hydras
  2 boulder beetles
  4 death yaks (Lair:5)
  3 skysharks
  A pharaoh ant (Lair:3)
  2 bog bodies (Lair:3)
  2 lindwurms (Lair:2)
  Pikel (D:6)
  Joseph (D:7)
  17 elephants
  4 black mambas
  19 cane toads
  4 rime drakes
  5 komodo dragons
  An ice devil (IceCv)
  The ghost of Sundig the Trooper, an amateur MiFi (D:3)
  A tyrant leech (Lair:5)
  27 blink frogs
  5 polar bears
  5 dream sheep (Lair:3)
  A jumping spider (Lair:3)
  4 wyverns
  17 yaks
  6 basilisks
  2 vampire mosquitoes (Lair:5)
  2 steam dragons
  7 water moccasins
  2 orc warriors
  5 ice beasts (D:8)
  2 sky beasts
  A black bear (D:6)
  An ogre (D:4)
  2 wolves
  A kobold brigand (D:8)
  18 bullfrogs
  A gnoll sergeant (D:8)
  3 scorpions
  11 wights
  An electric eel (Lair:5)
  2 howler monkeys (D:8)
  3 hounds
  A gnoll bouda (D:7)
  5 orc priests
  7 iguanas
  9 orc wizards
  A centaur simulacrum (D:3)
  A scorpion simulacrum (D:3)
  15 gnolls
  12 adders
  A naga simulacrum (IceCv)
  A shadow imp (D:5)
  2 white imps (D:7)
  6 ufetubi
  4 worms
  3 dart slugs
  2 adder simulacra (D:3)
  44 orcs
  11 ball pythons
  7 endoplasms
  14 giant cockroaches
  9 goblins
  6 hobgoblins
  7 jackals (D:2)
  9 kobolds
  8 quokkas
  A ball python simulacrum (D:3)
  6 bats
  13 frilled lizards
  A rat (D:2)
412 creatures vanquished.

Notes
Turn   | Place    | Note
-------+----------+-------------------------------------------
     0 | D:1      | GigaChad the Human Fighter began the quest for the Orb.
     0 | D:1      | Reached XP level 1. HP: 18/18 MP: 1/1
    28 | D:1      | Entered explore mode.
    93 | D:1      | Found a faded altar of an unknown god.
   105 | D:1      | Reached XP level 2. HP: 21/24 MP: 2/2
   468 | D:1      | Reached XP level 3. HP: 29/29 MP: 3/3
  1052 | D:2      | Reached XP level 4. HP: 32/35 MP: 4/4
  1608 | D:3      | Slain by a gnoll
                  | ... wielding a +0 flail
                  | (7 damage)
  1618 | D:3      | Slain by a gnoll
                  | ... wielding a +1 spear of flaming
                  | (5 damage)
  1624 | D:3      | HP: 1/35 [gnoll/+1 spear of flaming (7)]
  1624 | D:3      | Slain by a gnoll
                  | ... wielding a +1 spear of flaming
                  | (1 damage)
  1627 | D:3      | Reached skill level 1 in Stealth
  1721 | D:3      | Reached XP level 5. HP: 41/41 MP: 5/5
  1936 | D:3      | Found a runed translucent gate.
  1937 | D:3      | Found a runed translucent gate.
  1937 | D:3      | Found a runed translucent gate.
  2222 | D:3      | Noticed Sundig's ghost (amateur MiFi)
  2253 | D:3      | HP: 1/41 [centaur simulacrum (6)]
  2256 | D:3      | Reached skill level 1 in Dodging
  2283 | D:3      | Slain by Sundig's ghost (12 damage)
  2288 | D:3      | Slain by Sundig's ghost (9 damage)
  2299 | D:3      | Slain by Sundig's ghost (8 damage)
  2306 | D:3      | HP: 1/41 [Sundig's ghost (14)]
  2310 | D:3      | Slain by Sundig's ghost (4 damage)
  2315 | D:3      | Killed Sundig's ghost
  2316 | D:3      | Reached XP level 6. HP: 34/48 MP: 6/6
  2316 | D:3      | Reached XP level 7. HP: 38/53 MP: 7/7
  2802 | D:4      | HP: 2/54 [gnoll/+0 spear (6)]
  2803 | D:4      | Slain by a gnoll
                  | ... wielding a +0 whip
                  | (7 damage)
  2838 | D:4      | Found a shadowy altar of Dithmenos.
  3071 | D:4      | Reached skill level 5 in Axes
  3286 | D:5      | Entered Level 5 of the Dungeon
  3850 | D:6      | Reached XP level 8. HP: 54/60 MP: 8/8
  3922 | D:6      | HP: 3/60 [orc/+1 falchion of holy wrath (5)]
  4116 | D:6      | Identified the +1 scale mail "Miseh" {Will+ rCorr MP-9
                  | Int+3}
  4324 | D:6      | Found a glowing drain.
  4348 | D:6      | Reached skill level 5 in Armour
  4384 | Sewer    | Entered a sewer
  4630 | Sewer    | HP: 1/61 [bullfrog (5)]
  4630 | Sewer    | Slain by a bullfrog (3 damage)
  4849 | D:6      | Noticed Pikel
  4862 | D:6      | Killed Pikel
  4863 | D:6      | Reached skill level 5 in Shields
  4863 | D:6      | Reached XP level 9. HP: 41/67 MP: 9/9
  4872 | D:6      | Reached skill level 5 in Fighting
  5628 | D:7      | Found a staircase to the Ecumenical Temple.
  5691 | D:7      | Found a large runed translucent door.
  5692 | D:7      | Found a large runed translucent door.
  5758 | D:7      | Found a flagged portal.
  5774 | Bailey   | Entered a bailey
  5851 | Bailey   | Noticed a vault guard
  5851 | Bailey   | Noticed Prince Ribbit
  5859 | Bailey   | Killed a vault guard
  5860 | Bailey   | Reached skill level 1 in Shapeshifting
  5860 | Bailey   | Reached XP level 10. HP: 21/75 MP: 10/10
  6307 | D:7      | Noticed Joseph
  6323 | D:7      | Killed Joseph
  6971 | Temple   | Entered the Ecumenical Temple
  6979 | Temple   | Became a worshipper of the Wu Jian Council
  7392 | D:7      | Found a glowing silver altar of Zin.
  7401 | D:7      | Found a hazy altar of Hepliaklqana.
  7667 | D:8      | Reached skill level 5 in Stealth
  7696 | D:8      | Noticed a rime drake
  7698 | D:8      | Found a staircase to the Lair.
  7700 | D:8      | Killed a rime drake
  7714 | D:8      | HP: 1/76 [polar bear (9)]
  7715 | D:8      | Slain by a polar bear (2 damage)
  7728 | D:8      | Reached XP level 11. HP: 27/81 MP: 11/11
  7903 | Lair:1   | Entered Level 1 of the Lair of Beasts
  7956 | D:8      | Found a shimmering blue altar of Sif Muna.
  7957 | D:8      | Identified the +0 helmet of Dobudghi {Will+ Str+3}
  8042 | D:8      | Reached * piety under Wu Jian
  8833 | Lair:1   | HP: 4/83 [blink frog (9)]
  8834 | Lair:1   | Slain by a blink frog (10 damage)
  8840 | Lair:1   | Reached skill level 10 in Axes
  8840 | Lair:1   | HP: 4/83 [yak (3)]
  8840 | Lair:1   | Slain by a blink frog (4 damage)
  9339 | Lair:1   | Succumbed to a cane toad's poison
  9483 | Lair:1   | Reached skill level 5 in Dodging
  9767 | Lair:1   | HP: 1/83 [polar bear (4)]
  9769 | Lair:1   | Slain by a polar bear (2 damage)
 10060 | Lair:1   | Noticed a boulder beetle
 10071 | Lair:1   | Killed a boulder beetle
 10495 | Lair:2   | Slain by a blink frog (7 damage)
 10501 | Lair:2   | Reached XP level 12. HP: 57/91 MP: 12/12
 10503 | Lair:2   | HP: 4/91 [komodo dragon (7)]
 10504 | Lair:2   | Succumbed to a cane toad's poison
 10506 | Lair:2   | Reached ** piety under Wu Jian
 10509 | Lair:2   | Noticed a six-headed hydra
 10510 | Lair:2   | HP: 2/91 [poisoned by a cane toad]
 10510 | Lair:2   | Slain by a cane toad (3 damage)
 10515 | Lair:2   | Slain by an eight-headed hydra (7 damage)
 10518 | Lair:2   | HP: 4/91 [11-headed hydra (4)]
 10518 | Lair:2   | Slain by an 11-headed hydra (5 damage)
 10523 | Lair:2   | Slain by a 14-headed hydra (12 damage)
 10525 | Lair:2   | HP: 3/91 [15-headed hydra (2)]
 10525 | Lair:2   | Slain by a 15-headed hydra (6 damage)
 10527 | Lair:2   | Slain by a 16-headed hydra (8 damage)
 10529 | Lair:2   | Killed an 18-headed hydra
 10534 | Lair:2   | Slain by a blink frog (5 damage)
 11582 | Lair:3   | Noticed a five-headed hydra
 11588 | Lair:3   | Slain by a ten-headed hydra (12 damage)
 11592 | Lair:3   | HP: 2/92 [13-headed hydra (5)]
 11592 | Lair:3   | Slain by a 13-headed hydra (3 damage)
 11593 | Lair:3   | Killed a 14-headed hydra
 11677 | Lair:3   | HP: 2/92 [blink frog (13)]
 11684 | Lair:3   | HP: 2/92 [blink frog (3)]
 11690 | Lair:3   | HP: 2/92 [blink frog (2)]
 11699 | Lair:3   | Slain by a blink frog (11 damage)
 11853 | Lair:3   | Found a staircase to the Swamp.
 11859 | Lair:3   | Killed from afar by a bog body (23 damage)
                  | ... with a bolt of cold
 11864 | Lair:3   | Slain by a bog body (28 damage)
 11903 | Lair:3   | Reached XP level 13. HP: 61/98 MP: 13/13
 12045 | Lair:3   | Reached *** piety under Wu Jian
 12354 | Lair:3   | HP: 4/98 [skyshark (9)]
 12355 | Lair:3   | Slain by a skyshark (5 damage)
 12365 | Lair:3   | Reached skill level 10 in Armour
 12770 | Lair:3   | Found a hole to the Spider Nest.
 13619 | Lair:3   | Reached skill level 5 in Shapeshifting
 13934 | Lair:4   | Noticed Snorg
 13940 | Lair:4   | HP: 1/99 [wyvern (11)]
 13940 | Lair:4   | Mangled by a black mamba (12 damage)
 13942 | Lair:4   | Slain by a wyvern (3 damage)
 13943 | Lair:4   | Slain by a black mamba (8 damage)
 13948 | Lair:4   | HP: 4/99 [Snorg (10)]
 13948 | Lair:4   | Slain by a basilisk (5 damage)
 13951 | Lair:4   | HP: 1/99 [cane toad (15)]
 13952 | Lair:4   | Succumbed to a black mamba's poison
 13954 | Lair:4   | Mangled by Snorg (8 damage)
 13957 | Lair:4   | HP: 2/100 [komodo dragon (10)]
 13957 | Lair:4   | Mangled by a cane toad (14 damage)
 13959 | Lair:4   | Killed Snorg
 13960 | Lair:4   | Slain by a komodo dragon (9 damage)
 13962 | Lair:4   | Reached **** piety under Wu Jian
 13966 | Lair:4   | HP: 5/100 [blink frog (3)]
 13966 | Lair:4   | Mangled by a komodo dragon (18 damage)
 14304 | Lair:4   | Found a runed translucent gate.
 14304 | Lair:4   | Found a runed translucent gate.
 14304 | Lair:4   | Found a runed translucent gate.
 14306 | Lair:4   | Noticed a nine-headed hydra
 14306 | Lair:4   | Noticed a 14-headed hydra
 14307 | Lair:4   | Noticed Avurgho's ghost (journeyman GnSh)
 14315 | Lair:4   | HP: 1/100 [14-headed hydra (9)]
 14315 | Lair:4   | Slain by a 14-headed hydra (1 damage)
 14317 | Lair:4   | Slain by a 16-headed hydra (8 damage)
 14318 | Lair:4   | Slain by a 13-headed hydra (6 damage)
 14319 | Lair:4   | Mangled by a 14-headed hydra (8 damage)
 14319 | Lair:4   | Slain by an 18-headed hydra (8 damage)
 14321 | Lair:4   | Killed by burning poison
                  | ... invoked by Avurgho's ghost
                  | (15 damage)
 14322 | Lair:4   | HP: 4/100 [15-headed hydra (4)]
 14322 | Lair:4   | HP: 1/100 [15-headed hydra (3)]
 14322 | Lair:4   | Slain by a 15-headed hydra (1 damage)
 14323 | Lair:4   | Slain by a 20-headed hydra (3 damage)
 14325 | Lair:4   | Slain by an 18-headed hydra (5 damage)
 14326 | Lair:4   | Slain by a 20-headed hydra (11 damage)
 14327 | Lair:4   | Succumbed to Avurgho's ghost's poison
 14327 | Lair:4   | Slain by a 19-headed hydra (11 damage)
 14329 | Lair:4   | HP: 5/100 [20-headed hydra (2)]
 14329 | Lair:4   | Slain by a 19-headed hydra (6 damage)
 14330 | Lair:4   | Killed a 20-headed hydra
 14330 | Lair:4   | HP: 2/100 [19-headed hydra (3)]
 14330 | Lair:4   | Slain by a 19-headed hydra (4 damage)
 14332 | Lair:4   | Slain by a 19-headed hydra (8 damage)
 14334 | Lair:4   | Killed a 19-headed hydra
 14335 | Lair:4   | Reached XP level 14. HP: 60/108 MP: 14/14
 14342 | Lair:4   | Killed by burning poison
                  | ... invoked by Avurgho's ghost
                  | (19 damage)
 14354 | Lair:4   | Killed Avurgho's ghost
 14592 | Lair:4   | Identified the ring "Foyng" {Int+6 Dex+2}
 15107 | Lair:5   | Entered Level 5 of the Lair of Beasts
 15156 | Lair:5   | HP: 3/108 [death yak (6)]
 15156 | Lair:5   | Mangled by an elephant (13 damage)
 15165 | Lair:5   | HP: 2/108 [11-headed hydra (6)]
 15165 | Lair:5   | Slain by an 11-headed hydra (2 damage)
 15169 | Lair:5   | Slain by a 15-headed hydra (11 damage)
 15172 | Lair:5   | HP: 3/108 [16-headed hydra (8)]
 15172 | Lair:5   | Slain by a 16-headed hydra (6 damage)
 15175 | Lair:5   | Slain by an 18-headed hydra (3 damage)
 15177 | Lair:5   | Slain by a 20-headed hydra (9 damage)
 15179 | Lair:5   | Slain by a 19-headed hydra (10 damage)
 15180 | Lair:5   | HP: 5/108 [20-headed hydra (13)]
 15180 | Lair:5   | Slain by a 20-headed hydra (7 damage)
 15185 | Lair:5   | HP: 5/108 [19-headed hydra (9)]
 15185 | Lair:5   | Mangled by a 19-headed hydra (11 damage)
 15193 | Lair:5   | HP: 4/108 [elephant (4)]
 15194 | Lair:5   | HP: 1/108 [elephant (3)]
 15195 | Lair:5   | Slain by an elephant (2 damage)
 15323 | Lair:5   | HP: 5/108 [ten-headed hydra (3)]
 15323 | Lair:5   | Mangled by a skyshark (13 damage)
 15325 | Lair:5   | Slain by an 11-headed hydra (4 damage)
 15327 | Lair:5   | HP: 2/108 [skyshark (22)]
 15327 | Lair:5   | Slain by a skyshark (3 damage)
 15329 | Lair:5   | Slain by a 14-headed hydra (5 damage)
 15332 | Lair:5   | Mangled by a skyshark (20 damage)
 15356 | Lair:5   | HP: 5/108 [blink frog (4)]
 15358 | Lair:5   | Slain by a tyrant leech (8 damage)
 15387 | Lair:5   | HP: 5/108 [vampire mosquito (3)]
 15390 | Lair:5   | Mangled by a cane toad (17 damage)
 15413 | Lair:5   | Found a frozen archway.
 15422 | Lair:5   | Reached ***** piety under Wu Jian
 15427 | Lair:5   | HP: 4/108 [yak (2)]
 15427 | Lair:5   | Demolished by a skyshark (19 damage)
 15435 | Lair:5   | Slain by a skyshark (9 damage)
 15448 | Lair:5   | Killed from afar by a rime drake (17 damage)
                  | ... with an icy flash freeze
 15468 | IceCv    | Entered an ice cave
 15487 | IceCv    | Slain by an ice devil

Illustrated notes

Levels and vault maps discovered:
D:1:      dpeg_arrival_short_road, layout_rooms, shapermc_ecumenical_altar_venn
D:2:      layout_loops_corners, minmay_lizard_pond
D:3:      layout_rooms, gammafunk_ghost_icy, minmay_fractal_squares_diagonal_5
D:4:      layout_cave_pools, nicolae_dithmenos_the_darkroom, skrybe_limestone_x
D:5:      layout_gridville
D:6:      layout_loops_corners, gup_sewer_entry_glass, minmay_crystal_room,
          st_stairs_5, grunt_ministairs_8, uniq_pikel
D:7:      layout_gridville, jmf_multi_god_temple2, minmay_temple_entry_grid,
          enter_bailey_3, grunt_ministairs_13, uniq_joseph
D:8:      layout_basic, mainiacjoe_overflow_alcove_2, hellmonk_lair_entry_icy
Temple:   eino_narrow_crystal_temple
Lair:1:   layout_roguey, st_stairs_12, lemuel_fruit_tree
Lair:2:   layout_loops_ring
Lair:3:   layout_layer_cave, skrybe_swamp_entry_bodies,
          nicolae_spider_entry_lesser_pyramids, grunt_megastairs_5,
          serial_bayou_shore_b
Lair:4:   layout_gridlike, gammafunk_ghost_hydra_chop, grunt_megastairs_3,
          lemuel_fruit_fields, uniq_snorg
Lair:5:   minmay_lair_end_frog_pond, layout_regular_city,
          minmay_slime_entry_pillars, gammafunk_ghost_arena,
          portal_ice_cave_entry_animals_and_master, serial_bayou_pond_e,
          chequers_serial_rivers_micro_e
IceCv:    ice_cave_tombish

Skill      XL: |  1  2  3  4  5  6  7  8  9 10 11 12 13 14 |
---------------+-------------------------------------------+-----
Axes           | 3 4 5 7 8 9 10 11 12 | 12.6
Stealth        | 1 2 3 4 5 6 7 8 |  8.5
Dodging        | 1 2 3 4 5 6 7 |  7.3
Armour         | 4 5 6 7 8 9 11 12 | 12.1
Fighting       | 4 5 6 7 8 9 |  9.6
Shields        | 4 5 6 7 8 9 |  9.9
Shapeshifting  | 1 2 3 4 5 6 |  6.0

Action                     |  1- 3 |  4- 6 |  7- 9 | 10-12 | 13-15 || total
---------------------------+-------+-------+-------+-------+-------++-------
  Melee: War axe           |   105 |   137 |   341 |   374 |   357 ||  1314
Ability: Lunge             |       |       |       |    10 |    11 ||    21
         Whirlwind         |       |       |       |    20 |    44 ||    64
    Use: Scroll            |       |     5 |     7 |       |       ||    12
 Armour: Scale mail        |    80 |     1 |       |       |       ||    81
         Chain mail        |       |   131 |       |       |       ||   131
         Plate armour      |       |       |   492 |   741 |  1682 ||  2915
  Dodge: Dodged            |    62 |    60 |   156 |   261 |   541 ||  1080
  Block: Buckler           |    30 |    26 |    52 |       |       ||   108
         Kite shield       |       |       |   181 |   371 |   569 ||  1121

Table legend: (Time is in decaauts)
 A = Elapsed time spent in this place.
 B = Non-inter-level travel time spent in this place.
 C = Inter-level travel time spent in this place.
 D = Time resting spent in this place.
 E = Time spent auto-exploring this place.
 F = Levels seen in this place.
 G = Mean time per level.
                   A        B        C        D        E       F      G
               +--------+--------+--------+--------+--------+-----+--------+
         Total |  16233 |  15729 |    504 |    554 |  11723 |  17 |  954.9 |
       Dungeon |   8398 |   8007 |    391 |     12 |   6266 |   8 | 1049.8 |
        Temple |     16 |      2 |     14 |      0 |      0 |   1 |   16.0 |
          Lair |   6898 |   6799 |     99 |    227 |   5322 |   5 | 1379.6 |
         Sewer |    429 |    429 |      0 |      0 |     66 |   1 |  429.0 |
        Bailey |    469 |    469 |      0 |    315 |     64 |   1 |  469.0 |
      Ice Cave |     20 |     20 |      0 |      0 |      5 |   1 |   20.0 |
               +--------+--------+--------+--------+--------+-----+--------+

Top non-repeatable levels by time:
  Lair:3: 2410 daAuts
  Lair:1: 1697 daAuts
     D:6: 1507 daAuts
     D:7: 1475 daAuts
     D:8: 1425 daAuts
  Lair:4: 1214 daAuts
  Lair:2: 1144 daAuts
     D:2: 1010 daAuts
     D:4: 909 daAuts
     D:3: 883 daAuts
     D:1: 603 daAuts
     D:5: 582 daAuts
  Bailey: 469 daAuts
  Lair:5: 432 daAuts
   Sewer: 429 daAuts
